 Dungeon Crawl Stone Soup version 0.31-a0-214-gb37851dbb3 (webtiles) character file.

Game seed: 110258340863256131

2561 pokeman the Thaumaturge (level 9, 0/49 HPs)
             Began as a Deep Elf Hedge Wizard on July 1, 2023.
             Was a Follower of Vehumet.
             Slain by a troll (16 damage)
             ... on level 8 of the Dungeon.
             The game lasted 00:16:59 (8543 turns).

pokeman the Thaumaturge (Deep Elf Hedge Wizard)     Turns: 8543, Time: 00:17:00

Health: 0/49       AC:  3    Str:  7    XL:     9   Next: 31%
Magic:  22/26      EV: 13    Int: 24    God:    Vehumet [*.....]
Gold:   434        SH:  0    Dex: 14    Spells: 17/30 levels left

rFire   . . .        m - +2 dagger (drain)
rCold   . . .        (no shield)
rNeg    . . .        b - +0 robe
rPois   +            c - +0 hat
rElec   .            (no cloak)
rCorr   .            (no gloves)
SInv    .            H - +0 pair of boots
Will    +....        o - amulet of magic regeneration
Stlth   ++           C - ring of willpower
HPRegen 0.28/turn    z - ring of poison resistance
MPRegen 0.60/turn

%: no passive effects
@: no status effects
A: no striking features
a: Renounce Religion


You were on level 8 of the Dungeon.
You worshipped Vehumet.
Vehumet was aware of your devotion.
You visited 2 branches of the dungeon, and saw 9 of its levels.

You collected 434 gold pieces.

Inventory:

Hand Weapons
 m - a +2 dagger of draining (weapon)
Missiles
 u - 3 throwing nets
Armour
 b - a +0 robe (worn)
 c - a +0 hat (worn)
 H - a +0 pair of boots (worn)
Magical Staves
 f - a staff of earth
Jewellery
 g - a +6 ring of strength
 o - an amulet of magic regeneration (around neck)
 p - a +6 ring of strength
 z - a ring of poison resistance (right hand)
 C - a ring of willpower (left hand)
Wands
 r - a wand of roots (4)
 x - a wand of acid (5)
 D - a wand of flame (21)
 F - a wand of polymorph (3)
Scrolls
 e - 6 scrolls of identify {unknown}
 h - 2 scrolls of poison {unknown}
 j - 3 scrolls of fog {unknown}
 l - 2 scrolls of amnesia {unknown}
 s - 4 scrolls of teleportation {unknown}
 t - 2 scrolls of fear {unknown}
 y - a scroll of blinking {unknown}
 A - a scroll of enchant weapon {unknown}
Potions
 a - a potion of cancellation {unknown}
 d - a potion of magic
 i - a potion of enlightenment {unknown}
 k - a potion of curing {unknown}
 n - 4 potions of might
 q - 2 potions of haste {unknown}
 v - 2 potions of heal wounds {unknown}
 w - a potion of berserk rage {unknown}
 B - 2 potions of degeneration {unknown}
 E - a potion of invisibility {unknown}
 G - a potion of lignification {unknown}


   Skills:
 + Level 2.7 Fighting
 - Level 3.0 Armour
 - Level 3.0 Dodging
 - Level 3.0 Stealth
 * Level 11.3 Spellcasting
 + Level 6.2 Conjurations
 - Level 1.1 Summonings
 - Level 1.1 Translocations
 - Level 1.1 Ice Magic
 - Level 1.1 Air Magic
 + Level 4.9 Earth Magic
 - Level 1.2 Poison Magic
 - Level 1.0 Evocations


You had 17 spell levels left.
You knew the following spells:

 Your Spells              Type           Power      Damage    Failure   Level
a - Magic Dart            Conj           100%       1d8       1%          1
b - Mephitic Cloud        Conj/Pois/Air  27%        N/A       4%          3
c - Call Imp              Summ           36%        N/A       4%          2
d - Blink                 Tloc           36%        N/A       4%          2
e - Freezing Cloud        Conj/Ice/Air   13%        6-21      36%         5

Your spell library contained the following spells:

 Spells                   Type           Power      Damage    Failure   Level
 Shock                    Conj/Air       100%       1d9       1%          1
 Slow                     Hex            52%        N/A       4%          1
 Cigotuvi's Dreadful Rot  Necr/Pois/Air  34%        N/A       4%          2
 Poisonous Vapours        Pois/Air       38%        N/A       4%          2
 Call Canine Familiar     Summ           18%        N/A       9%          3
 Portal Projectile        Hex/Tloc       32%        N/A       11%         3
 Leda's Liquefaction      Hex/Erth       12%        N/A       17%         4
 Dispel Undead            Necr           13%        3d9       41%         4
 Death Channel            Necr           6%         N/A       100%        6


Dungeon Overview and Level Annotations

Branches:
Dungeon (8/15)             Temple (1/1) D:5            Lair (0/5) D:8

Altars:
Ashenzari
Cheibriados
Elyvilon
Fedhas
Gozag
Hepliaklqana
Makhleb
Nemelex Xobeh
Okawaru
Qazlal
Ru
Vehumet
Wu Jian
Xom
Yredelemnul
Zin
The Shining One

Shops:
D:6 (

Annotations:
D:5 Grinder
D:6 1 runed translucent door, ders's ghost, novice GrEE


Message History

Aim: a hound (moderately wounded, 100% to hit)
The magic dart hits the hound.
The hound is heavily wounded.
Casting: Magic Dart (safe; 1% risk of failure)
Confirm with . or Enter, or press ? or * to list all spells.
Aiming: Magic Dart (safe; 1% risk of failure)
Press: ? - help, Shift-Dir - straight line, f/p - hound
Aim: a hound (heavily wounded, 100% to hit)
The magic dart hits the hound.
The hound is severely wounded.
Casting: Magic Dart (safe; 1% risk of failure)
Confirm with . or Enter, or press ? or * to list all spells.
Aiming: Magic Dart (safe; 1% risk of failure)
Press: ? - help, Shift-Dir - straight line, f/p - hound
Aim: a hound (severely wounded, 100% to hit)
The magic dart hits the hound.
The hound is almost dead.
The hound misses you.
Casting: Magic Dart (safe; 1% risk of failure)
Confirm with . or Enter, or press ? or * to list all spells.
Aiming: Mephitic Cloud (dangerous; 4% risk of failure)
Press: ? - help, Shift-Dir - straight line, f/p - hound
Aim: a hound (almost dead, chance to affect: 86%)
The ball explodes into a vile cloud!
The stinking cloud engulfs the hound but does no damage.
The hound is almost dead.
The stinking cloud engulfs the troll but does no damage.
The troll is heavily wounded.
The stinking cloud engulfs you but does no damage.
The hound is engulfed in noxious fumes.
The hound appears confused.
The hound bites you.
The hound is engulfed in noxious fumes.
The hound appears confused.
The hound bites you.
The troll is engulfed in noxious fumes.
Unknown command.
You barely miss the troll.
The troll is moderately wounded.
The hound is engulfed in noxious fumes.
The hound appears confused.
The hound bites you.
The troll is engulfed in noxious fumes.
The troll bites you!
You die...

#.......... ###.≈≈≈≈≈≈≈≈≈
~~~.≈....# ... #...≈.......≈
≈~.≈~~~..#.##. #.#.≈.≈≈≈≈≈.≈
≈≈≈≈≈~...#. #. #.#.≈.≈.._≈.≈
~S~~~~./.. #.#######.#.≈.≈.≈≈≈.≈
~.~.≈~~~.# #.............≈.....≈
..h.≈≈~..# #..†.......≈≈≈≈≈≈≈≈≈
.>.~.~~~.# #.☼@.......≈.....≈..
....~~...## #.Th○......≈.≈≈≈.≈.≈
..(.~≈~...## #.○......).≈.≈_..≈.≈
..~.~≈~....###.......)..≈.≈≈≈≈≈.≈
...~≈≈....T...........).≈)......≈
~.≈~~~.......#........))≈≈≈≈≈≈≈≈≈
S.~≈≈~≈......###.##..##...)......
~.~~~≈≈....#...#.##..##....)#.#..
~.~.≈≈.~...##......>....#.###..


You could see a troll and a hound (confused).

Vanquished Creatures
  Edmund (D:5)
  A sky beast (D:7)
  An ice beast (D:5)
  5 black bears
  An orc warrior (D:8)
  2 wolves (D:8)
  A phantom (D:7)
  A centaur (D:8)
  4 bullfrogs
  2 scorpions
  4 killer bees (D:7)
  6 hounds
  A gnoll bouda (D:7)
  An orc priest (D:8)
  6 iguanas
  3 sleepcaps
  2 orc wizards
  Natasha (thrice) (D:3)
  6 adders
  9 gnolls
  A dart slug (D:2)
  18 orcs
  7 endoplasms
  A giant cockroach (D:2)
  12 goblins
  3 hobgoblins
  7 jackals
  4 quokkas
  3 training dummies (D:6)
  6 ball pythons
  3 bats (D:1)
  4 frilled lizards
  3 kobolds
  5 rats
137 creatures vanquished.

Vanquished Creatures (collateral kills)
  A sleepcap (D:5)
  An orc (D:4)
2 creatures vanquished.

Grand Total: 139 creatures vanquished

Notes
Turn   | Place    | Note
-------+----------+-------------------------------------------
     0 | D:1      | pokeman the Deep Elf Hedge Wizard began the quest for the
                  | Orb.
     0 | D:1      | Reached XP level 1. HP: 10/10 MP: 7/7
   318 | D:1      | Reached XP level 2. HP: 15/15 MP: 4/9
  1028 | D:2      | Reached skill level 5 in Spellcasting
  1194 | D:2      | Reached XP level 3. HP: 20/20 MP: 5/11
  1198 | D:2      | Learned a level 3 spell: Mephitic Cloud
  1201 | D:2      | Learned a level 2 spell: Call Imp
  1204 | D:2      | Learned a level 2 spell: Blink
  2047 | D:3      | Noticed a bullfrog
  2063 | D:3      | Killed a bullfrog
  2064 | D:3      | Reached skill level 1 in Fighting
  2064 | D:3      | Reached skill level 1 in Armour
  2064 | D:3      | Reached XP level 4. HP: 6/25 MP: 5/13
  2271 | D:3      | Reached skill level 6 in Spellcasting
  2443 | D:3      | Noticed Natasha
  2452 | D:3      | Killed Natasha
  2453 | D:3      | Reached XP level 5. HP: 21/29 MP: 15/15
  3008 | D:3      | Noticed Natasha
  3018 | D:3      | Killed Natasha
  3503 | D:3      | Noticed Natasha
  3509 | D:3      | Killed Natasha
  3554 | D:4      | Learned a level 5 spell: Freezing Cloud
  3811 | D:4      | Found a snail-covered altar of Cheibriados.
  3900 | D:4      | Found an iron altar of Okawaru.
  4103 | D:4      | Reached skill level 1 in Evocations
  4103 | D:4      | Reached XP level 6. HP: 33/34 MP: 13/17
  4358 | D:4      | Reached skill level 7 in Spellcasting
  4485 | D:5      | Entered Level 5 of the Dungeon
  4512 | D:5      | Reached skill level 1 in Air Magic
  4563 | D:5      | Noticed an ice beast
  4564 | D:5      | Reached skill level 1 in Poison Magic
  4601 | D:5      | Killed an ice beast
  4602 | D:5      | Reached skill level 1 in Ice Magic
  4602 | D:5      | Reached XP level 7. HP: 16/38 MP: 18/20
  4778 | D:5      | Reached skill level 1 in Earth Magic
  5071 | D:5      | Noticed Grinder
  5140 | D:5      | Reached skill level 8 in Spellcasting
  5228 | D:5      | Noticed Edmund
  5260 | D:5      | Killed Edmund
  5696 | D:5      | Found a staircase to the Ecumenical Temple.
  5963 | Temple   | Entered the Ecumenical Temple
  6086 | Temple   | Became a worshipper of Vehumet
  6412 | D:6      | Reached XP level 8. HP: 44/44 MP: 22/22
  6543 | D:6      | Found a runed translucent door.
  6566 | D:6      | Reached skill level 9 in Spellcasting
  6576 | D:6      | Found Qoludepn's Firing Range.
  6892 | D:6      | Noticed ders's ghost (novice GrEE)
  7444 | D:7      | Reached skill level 5 in Conjurations
  7453 | D:7      | Reached skill level 10 in Spellcasting
  8178 | D:7      | Reached XP level 9. HP: 32/48 MP: 18/25
  8390 | D:8      | Found a sparkling altar of Nemelex Xobeh.
  8416 | D:8      | Reached * piety under Vehumet
  8416 | D:8      | Offered knowledge of Shock by Vehumet.
  8436 | D:8      | Found a broken altar of Ashenzari.
  8479 | D:8      | Reached skill level 11 in Spellcasting
  8504 | D:8      | Found a staircase to the Lair.
  8509 | D:8      | Noticed a troll
  8543 | D:8      | Slain by a troll

Illustrated notes

Levels and vault maps discovered:
D:1:      elethiomel_arrival_infinity_welcomes_careful_drivers, layout_rooms,
          minivault_4
D:2:      layout_basic, minmay_tripent
D:3:      layout_basic, uniq_natasha
D:4:      layout_cave_pods, mainiacjoe_overflow_catch_the_wave,
          eino_tiny_chamber, amcnicky_mini_corridor_feature, dk_noncrumbling_4
D:5:      layout_layer_cave, minmay_temple_entry_junction, nicolae_letterblocks
          [nicolae_letter_subblock, nicolae_letter_subblock,
          nicolae_letter_subblock, nicolae_letter_subblock,
          nicolae_letter_subblock, nicolae_letter_subblock,
          nicolae_letter_subblock, nicolae_letter_subblock,
          nicolae_letter_subblock, nicolae_letter_subblock,
          nicolae_letter_subblock, nicolae_letter_subblock,
          nicolae_letter_subblock, nicolae_letter_subblock,
          nicolae_letter_subblock, nicolae_letter_subblock,
          nicolae_letter_subblock, nicolae_letter_subblock,
          nicolae_letter_subblock, nicolae_letter_subblock,
          nicolae_letter_subblock, nicolae_letter_subblock,
          nicolae_letter_subblock, nicolae_letter_subblock,
          nicolae_letter_subblock], uniq_edmund, uniq_grinder
D:6:      layout_gridville, ebering_ghost_reflecting_pool,
          nicolae_shop_firing_range
D:7:      layout_basic, grunt_decor_fettered
D:8:      layout_rooms, kiku_gazebo_pond_becter,
          mainiacjoe_overflow_catwalk_spiral,
          mainiacjoe_overflow_six_doors_small, erik_lair_island, uniq_joseph
Temple:   bh_familiar_temple

Skill      XL: |  1  2  3  4  5  6  7  8  9 |
---------------+----------------------------+-----
Spellcasting   | 5 6 7 8 10 11 | 11.3
Conjurations   | 2 3 4 5 6 |  6.2
Fighting       | 1 2 |  2.7
Armour         | 1 3 |  3.0
Stealth        | 3 |  3.0
Dodging        | 3 |  3.0
Evocations     | 1 |  1.0
Air Magic      | 1 |  1.1
Poison Magic   | 1 |  1.2
Ice Magic      | 1 |  1.1
Earth Magic    | 2 4 |  4.9
Summonings     | |  1.1
Translocations | |  1.1

Action                     |  1- 3 |  4- 6 |  7- 9 || total
---------------------------+-------+-------+-------++-------
  Melee: Dagger            |     8 |    40 |   114 ||   162
         Punch             |       |     1 |     4 ||     5
   Cast: Magic Dart        |    85 |    96 |   162 ||   343
         Mephitic Cloud    |     1 |     8 |    25 ||    34
         Call Imp          |       |     3 |     3 ||     6
         Blink             |       |     2 |     2 ||     4
   Stab: Sleeping          |     1 |       |       ||     1
         Confused          |     1 |     4 |    18 ||    23
         Distracted        |       |       |     2 ||     2
 Armour: Robe              |     4 |     5 |    17 ||    26
  Dodge: Dodged            |    13 |    26 |    77 ||   116

Table legend: (Time is in decaauts)
 A = Elapsed time spent in this place.
 B = Non-inter-level travel time spent in this place.
 C = Inter-level travel time spent in this place.
 D = Time resting spent in this place.
 E = Time spent auto-exploring this place.
 F = Levels seen in this place.
 G = Mean time per level.
                   A        B        C        D        E       F      G
               +--------+--------+--------+--------+--------+-----+--------+
         Total |   8540 |   8077 |    463 |      6 |   6803 |   9 |  948.9 |
       Dungeon |   8376 |   7952 |    424 |      6 |   6686 |   8 | 1047.0 |
        Temple |    163 |    124 |     39 |      0 |    117 |   1 |  163.0 |
               +--------+--------+--------+--------+--------+-----+--------+

Top non-repeatable levels by time:
     D:5: 1730 daAuts
     D:3: 1706 daAuts
     D:7: 1168 daAuts
     D:1: 1015 daAuts
     D:4: 962 daAuts
     D:6: 827 daAuts
     D:2: 799 daAuts
     D:8: 164 daAuts
  Temple: 163 daAuts
